 Dungeon Crawl Stone Soup version 0.20.0-15-g7f486f2 (webtiles) character file.

106 NoAnimeNoLife the Cudgeler (level 4, -9/35 HPs)
             Began as a Demonspawn Fighter on June 13, 2017.
             Mangled by a wyvern (15 damage)
             ... on level 3 of the Dungeon.
             The game lasted 00:03:05 (2112 turns).

NoAnimeNoLife the Cudgeler (Demonspawn Fighter)     Turns: 2112, Time: 00:03:06

Health: -9/35      AC: 10    Str: 16    XL:     4   Next: 55%
Magic:  4/4        EV:  6    Int:  9    God:
Gold:   123        SH:  9    Dex: 14    Spells: 3/3 levels left

rFire    . . .     SeeInvis .   a - +0 flail
rCold    . . .     Gourm    .   c - +0 shield
rNeg     . . .     Faith    .   b - +0 scale mail
rPois    .         Spirit   .   (no helmet)
rElec    .         Reflect  .   (no cloak)
rCorr    +         Harm     +   (no gloves)
MR       .....                  (no boots)
Stlth    ..........             h - amulet of harm
Regen    0.2/turn               l - ring of wizardry
MPRegen  0.1/turn               (no ring)

@: no status effects
A: yellow scales 3
a: no special abilities


You were on level 3 of the Dungeon.
You were not hungry.

You visited 1 branch of the dungeon, and saw 3 of its levels.

You collected 123 gold pieces.

Inventory:

Hand Weapons
 a - a +0 flail (weapon)
Armour
 b - a +0 scale mail (worn)
 c - a +0 shield (worn)
 q - a +0 chain mail
Jewellery
 h - an amulet of harm (around neck)
 l - a ring of wizardry (left hand)
 m - an uncursed ring of wizardry
 r - a +4 amulet of reflection {unknown}
Scrolls
 e - a scroll of remove curse {unknown}
 i - 4 scrolls of identify {unknown}
 j - 2 scrolls of amnesia {unknown}
 n - a scroll of enchant weapon {unknown}
 s - a scroll of teleportation {unknown}
 w - a scroll of fear {unknown}
Potions
 d - 2 potions of might
 o - 5 potions of brilliance {unknown}
 p - 2 potions of mutation {unknown}
 t - a potion of heal wounds {unknown}
 u - a potion of degeneration {unknown}
 v - a potion of flight {unknown}
Comestibles
 f - 3 bread rations
 g - 2 meat rations
 k - a royal jelly
 x - 3 chunks of flesh


   Skills:
 - Level 3.1 Fighting
 + Level 4.2 Maces & Flails
 - Level 2.7 Armour
 - Level 2.8 Shields


You had 3 spell levels left.
You didn't know any spells.

Dungeon Overview and Level Annotations

Branches:
Dungeon (3/15)

Altars:
Dithmenos


Innate Abilities, Weirdness & Mutations

You are completely covered in yellow scales. (AC +4, rCorr)


Message History

* * * LOW HITPOINT WARNING * * *
You sock the worm!
You kill the worm!
You see here a worm corpse.
You see here a worm corpse.
You butcher the worm corpse.
x - 2 chunks of flesh You see here a bat corpse.
You butcher the bat corpse.
x - 3 chunks of flesh (gained 1)
You see here a bat skeleton.
A wyvern comes into view.
A wyvern is nearby!
A wyvern is nearby!
You are too injured to fight recklessly!
You closely miss the wyvern. The wyvern bites you. x2
* * * LOW HITPOINT WARNING * * *
You hit the wyvern but do no damage. The wyvern completely misses you.
The wyvern bites you!
You die...

#..........<......##........ #...
####..#.#................... #...
#..#+#........................
#.#....#..............##......
###.)..รท.#...............# .....
#........................#. ....
#..........................
#..........................
##........#.....@...........
..........#......l..........
..........#.............###
.........########.....#...#
.........########.........##+ #
...............###..........#.#
...............# #........###.###
...............###........#......
.............w............#......


You could see a wyvern.

Vanquished Creatures
  2 adders (D:2)
  5 oozes
  2 worms
  3 dart slugs (D:2)
  A ball python (D:2)
  3 giant cockroaches (D:1)
  4 hobgoblins (D:1)
  4 jackals (D:2)
  8 bats
  8 frilled lizards
  5 goblins
  4 kobolds
  8 rats
57 creatures vanquished.

Notes
Turn   | Place    | Note
-------+----------+-------------------------------------------
     0 | D:1      | NoAnimeNoLife the Demonspawn Fighter began the quest for the Orb.
     0 | D:1      | Reached XP level 1. HP: 18/18 MP: 1/1
    15 | D:1      | Reached skill level 2 in Maces & Flails
   211 | D:1      | Gained mutation: You are partially covered in yellow scales. (AC +2) [demonic ancestry]
   211 | D:1      | Reached XP level 2. HP: 21/24 MP: 2/2
   628 | D:1      | Gained mutation: You are mostly covered in yellow scales. (AC +3) [demonic ancestry]
   628 | D:1      | Reached XP level 3. HP: 29/29 MP: 3/3
   736 | D:2      | Reached skill level 3 in Maces & Flails
   778 | D:2      | Found a faded altar of an unknown god.
  1421 | D:2      | Gained mutation: You are completely covered in yellow scales. (AC +4, rCorr) [demonic ancestry]
  1421 | D:2      | Reached XP level 4. HP: 31/35 MP: 4/4
  1676 | D:2      | Reached skill level 4 in Maces & Flails
  1862 | D:3      | Found a shadowy altar of Dithmenos.
  2100 | D:3      | Noticed a wyvern
  2112 | D:3      | Mangled by a wyvern

Skill      XL: |  1  2  3  4 |
---------------+-------------+-----
Maces & Flails | 2 3 4 |  4.2
Fighting       | |  3.1
Armour         | |  2.7
Shields        | |  2.8

Action                   |  1- 3 |  4- 6 || total
-------------------------+-------+-------++-------
Melee: Flail             |   128 |    78 ||   206
  Eat: Chunk             |     1 |     3 ||     4
Armor: Scale mail        |    82 |    41 ||   123
       Chain mail        |       |     3 ||     3
Dodge: Dodged            |    43 |    22 ||    65
Block: Shield            |    75 |    41 ||   116
